 Dungeon Crawl Stone Soup version 0.19-a0-376-gf780d9b (webtiles) character file.

7229 kae the Carver (level 10, -17/153 HPs)
             Began as a Minotaur Fighter on May 30, 2016.
             Killed from afar by Erolcha (26 damage)
             ... with a crystal spear
             ... on level 9 of the Dungeon.
             The game lasted 00:11:10 (9027 turns).

kae the Carver (Minotaur Fighter)                   Turns: 9027, Time: 00:11:11

Health: -17/153    AC: 25    Str: 21    XL:     10   Next: 88%
Magic:  9/9        EV:  2    Int:  7    God:
Gold:   252        SH:  9    Dex: 11    Spells: 0 memorised, 9 levels left

rFire  . . .     SeeInvis +     v - +4 demon blade (vamp)
rCold  . . .     Gourm    .     (armour currently unavailable)
rNeg   + + +     Faith    .     c - +0 shield
rPois  +         Spirit   .     (helmet currently unavailable)
rElec  .         Dismiss  .     (cloak currently unavailable)
rCorr  .         Reflect  .     (gloves currently unavailable)
SustAt .         Harm     .     (boots currently unavailable)
MR     .....     NoTele   +     (no amulet)
Stlth  +.........               K - ring of flight
                                s - ring of see invisible

@: tree-form, not resistant to hostile enchantments, very unstealthy
A: (retaliatory headbutt), (horns 0)
a: no special abilities


You were on level 9 of the Dungeon.
You were near starving.
You were a tree.
You visited 2 branches of the dungeon, and saw 10 of its levels.
You also visited: Bailey.

You collected 477 gold pieces.
You spent 225 gold pieces at shops.

Inventory:

Hand Weapons
 a - a +1 long sword
 v - a +4 vampiric demon blade (weapon)
Armour
 c - a +0 shield (worn)
 G - a +2 hat (melded)
 H - a +1 leather armour of magic resistance (melded)
 L - a +0 pair of boots (melded)
Jewellery
 s - a ring of see invisible (left branch)
 K - a ring of flight (right branch)
Wands
 B - a wand of slowing (22/48)
 E - a wand of digging (9/24)
Scrolls
 b - a scroll of enchant armour
 h - a scroll of recharging
 j - a scroll of amnesia
 l - 4 scrolls of immolation
 y - 2 scrolls of blinking
 z - a scroll of acquirement
 I - 2 scrolls of identify
 J - a scroll of magic mapping
Potions
 d - 2 potions of might
 e - a potion of haste
 i - 2 potions of degeneration {unknown}
 k - 2 potions of magic
 q - a potion of lignification
 r - 5 potions of curing {unknown}
 t - a potion of flight
 u - 2 potions of cancellation
 w - a potion of agility {unknown}
 x - 2 potions of invisibility {unknown}
 A - a potion of berserk rage {unknown}
 F - a potion of mutation {unknown}
Books
 m - a book of Ice

   Spells                             Type                      Level
   a - Ice Form                       Ice/Transmutation            4
   b - Metabolic Englaciation         Hexes/Ice                    5
   c - Ozocubu's Refrigeration        Ice                          6
   d - Bolt of Cold                   Conjuration/Ice              6
   e - Freezing Cloud                 Conjuration/Ice/Air          6
   f - Simulacrum                     Ice/Necromancy               6
 n - a book of Transfigurations

   Spells                             Type                      Level
   a - Irradiate                      Conjuration/Transmutation    5
   b - Statue Form                    Transmutation/Earth          6
   c - Hydra Form                     Transmutation                6
   d - Dragon Form                    Transmutation                7
Comestibles
 f - 9 bread rations
 o - 8 royal jellies
 p - 5 meat rations
 C - 7 beef jerkies


   Skills:
 + Level 13.7 Fighting
 - Level 14.0 Long Blades
 - Level 3.6 Armour
 - Level 3.6 Shields


You had 9 spell levels left.
You didn't know any spells.

Dungeon Overview and Level Annotations

Branches:
Dungeon (9/15)             Temple (1/1) D:7
   Lair: D:8-11         Orc: D:9-12

Altars:
Ashenzari
Cheibriados
Dithmenos
Elyvilon
Fedhas
Gozag
Hepliaklqana
Makhleb
Nemelex Xobeh
Okawaru
Pakellas
Qazlal
Ru
Sif Muna
Trog
Ukayaw
Vehumet
Yredelemnul
Zin
The Shining One

Shops:
D:7 *

Annotations:
D:9 Erolcha


Innate Abilities, Weirdness & Mutations

((You reflexively headbutt those who attack you in melee.))
((You have a pair of horns on your head.))


Message History

You turn into a tree.
Your +2 hat melds into your body.
Your +0 pair of boots melds into your body.
Your +1 leather armour of magic resistance melds into your body.
You feel less resistant to hostile enchantments.
Your roots penetrate the ground.
You block Erolcha's attack.
The worker ant waves its antennae.
Unknown command.
You hit Erolcha but do no damage.
Erolcha is moderately wounded.
You slash Erolcha!
You feel better.
Erolcha is heavily wounded.
Erolcha hits you with a giant club!
* * * LOW HITPOINT WARNING * * *
You hit Erolcha.
You feel better.
Erolcha is heavily wounded.
You closely miss Erolcha.
Erolcha is heavily wounded.
Erolcha casts a spell at you. The crystal spear hits you!
You die...

#.# #.# #.# #.# #.# #a#
#O##### #### #♣#... #...
#. ######.#.# #... #.#
..........# #### #.#
#######.#.###.### #.#
)..#.'.._..+ #>#
#####.####### #.## #.# #.#
#...
#.################.#######
####
..........................
#####


You could see Erolcha and a worker ant.

Vanquished Creatures
  2 orc high priests (Bailey)
  Pikel (D:6)
  An orc knight (Bailey)
  Psyche (D:8)
  A troll (D:9)
  2 soldier ants (D:8)
  A water moccasin (D:4)
  A sky beast (D:8)
  3 ice beasts
  9 orc warriors
  4 slaves (D:6)
  2 wasps (D:8)
  A phantom (D:4)
  3 centaurs
  5 ogres
  4 giant frogs
  A wyvern skeleton (D:8)
  A wyvern zombie (D:8)
  2 scorpions
  5 wights (D:8)
  2 howler monkeys (D:7)
  4 electric eels (Bailey)
  2 centaur zombies
  2 crimson imps
  3 hounds
  14 orc wizards
  An orc priest (D:4)
  2 centaur skeletons (D:6)
  2 iguanas
  3 worker ants
  Natasha (twice) (D:3)
  A hound skeleton (D:6)
  A hound zombie (D:8)
  A howler monkey zombie (D:7)
  14 gnolls
  11 adders
  A shadow imp (D:6)
  An adder zombie (D:5)
  A worm (D:2)
  2 dart slugs
  2 giant geckos (D:1)
  33 orcs
  2 ball pythons
  4 giant cockroaches
  19 goblins
  10 hobgoblins
  3 jackals (D:2)
  9 kobolds
  5 quokkas
  3 bats
  A giant gecko skeleton (D:5)
  13 giant newts
  6 rats
230 creatures vanquished.

Vanquished Creatures (others)
  An ogre (D:6)
1 creature vanquished.

Grand Total: 231 creatures vanquished

Notes
Turn   | Place    | Note
--------------------------------------------------------------
     0 | D:1      | kae the Minotaur Fighter began the quest for the Orb.
     0 | D:1      | Reached XP level 1. HP: 19/19 MP: 0/0
   112 | D:1      | Reached skill level 3 in Long Blades
   129 | D:1      | Reached XP level 2. HP: 25/26 MP: 1/1
   303 | D:1      | Reached skill level 4 in Long Blades
   528 | D:2      | Reached XP level 3. HP: 31/31 MP: 2/2
   665 | D:2      | Reached skill level 5 in Long Blades
   756 | D:2      | Found an opulent altar of Gozag.
   764 | D:2      | Found a stormy altar of Qazlal.
   764 | D:2      | Found a white marble altar of Elyvilon.
   847 | D:2      | Reached XP level 4. HP: 39/39 MP: 3/3
  1280 | D:3      | Found a snail-covered altar of Cheibriados.
  1360 | D:3      | Noticed Natasha
  1366 | D:3      | Killed Natasha
  1366 | D:3      | Reached skill level 6 in Long Blades
  1690 | D:3      | Reached XP level 5. HP: 44/45 MP: 4/4
  1736 | D:3      | Noticed Natasha
  1745 | D:3      | Killed Natasha
  1884 | D:4      | Noticed an ogre
  1889 | D:4      | Killed an ogre
  1889 | D:4      | Reached skill level 7 in Long Blades
  1971 | D:4      | Reached XP level 6. HP: 36/51 MP: 5/5
  2159 | D:4      | Reached skill level 8 in Long Blades
  2395 | D:4      | Reached skill level 9 in Long Blades
  2608 | D:4      | Reached XP level 7. HP: 56/57 MP: 6/6
  2996 | D:4      | Found a sparkling altar of Nemelex Xobeh.
  3314 | D:5      | Entered Level 5 of the Dungeon
  3318 | D:4      | Reached skill level 10 in Long Blades
  3806 | D:5      | Found a hazy altar of Hepliaklqana.
  3844 | D:5      | Found a bloodstained altar of Trog.
  3966 | D:5      | Reached skill level 11 in Long Blades
  4131 | D:6      | Reached XP level 8. HP: 32/64 MP: 7/7
  4317 | D:6      | Identified a scroll of acquirement
  4537 | D:6      | Reached skill level 12 in Long Blades
  4568 | D:6      | Noticed Pikel
  4584 | D:6      | Killed Pikel
  4584 | D:6      | Reached skill level 13 in Long Blades
  4659 | D:6      | Got a spiked scale mail
  4670 | D:6      | Identified the +2 scale mail of Resilience {-Tele rPois rN++ Dex-5} (You found it on level 6 of the Dungeon)
  4712 | D:6      | Reached XP level 9. HP: 52/70 MP: 8/8
  4851 | D:6      | Found a glowing golden altar of the Shining One.
  5113 | D:6      | Reached skill level 14 in Long Blades
  5356 | D:7      | Found a staircase to the Ecumenical Temple.
  5525 | D:8      | Reached skill level 5 in Fighting
  5720 | D:8      | Noticed Psyche
  5729 | D:8      | Killed Psyche
  5815 | D:8      | Reached XP level 10. HP: 91/93 MP: 9/9
  5938 | D:8      | Reached skill level 10 in Fighting
  5960 | Temple   | Entered the Ecumenical Temple
  6066 | D:8      | Found a flagged portal.
  6074 | Bailey   | Entered a bailey
  6427 | Bailey   | Found an iron altar of Okawaru.
  6427 | Bailey   | Noticed an orc high priest
  6427 | Bailey   | Noticed an orc high priest
  6443 | Bailey   | Killed an orc high priest
  6451 | Bailey   | Killed an orc high priest
  6583 | Bailey   | Noticed an orc knight
  6622 | Bailey   | Killed an orc knight
  8016 | D:7      | Found a glowing silver altar of Zin.
  8062 | D:7      | Found Nudul's Assorted Antiques.
  8075 | D:7      | Bought a coppery potion for 23 gold pieces
  8075 | D:7      | Bought a scroll labeled REBUSAC VURO for 26 gold pieces
  8075 | D:7      | Bought 2 purple potions for 46 gold pieces
  8075 | D:7      | Bought a knobbly ruby ring for 130 gold pieces
  8718 | D:9      | Found a deep blue altar of Sif Muna.
  8980 | D:9      | Found a shattered altar of Ashenzari.
  9016 | D:9      | Found a hide-covered altar to Ukayaw.
  9019 | D:9      | Noticed Erolcha
  9025 | D:9      | HP: 7/153 [Erolcha/giant club (16)]
  9027 | D:9      | Killed from afar by Erolcha

Vault maps used:
D:1:      ncdulo_wetmaze, minmay_lizard_king
D:2:      minitemple, dk_noncrumbling_3, hangedman_abyss_or_decor_stabs,
          guppyfry_early_orc_mine
D:3:      old_standard_altar, minmay_misc_feat_iff, uniq_natasha
D:4:      kennysheep_little_box
D:5:      grunt_temple_overflow_open, first_bread
D:6:      tso_metal_star, grunt_ministairs_4, uniq_pikel
D:7:      old_standard_altar, minmay_temple_entry_from_below_a, serial_shops,
          shop, minmay_splitting_lines
D:8:      minmay_flawed_box, enter_bailey_2, hangedman_pestilent_swarm,
          uniq_psyche
D:9:      ashenzari_conservatory_becter, lemuel_doored_altar,
          kiku_gazebo_garden_becter, xom_butterflies, basic_altar, uniq_erolcha
Temple:   dpeg_three_leaves_temple_9
Bailey:   bailey_axe_of_yendor_kennysheep, bailey

Skill      XL: |  1  2  3  4  5  6  7  8  9 10 |
---------------+-------------------------------+-----
Long Blades    | 3 4 5 6 7 9 11 13 14 | 14.0
Fighting       | 9 13 | 13.7
Armour         | |  3.6
Shields        | |  3.6

Action                   |  1- 3 |  4- 6 |  7- 9 | 10-12 || total
-------------------------+-------+-------+-------+-------++-------
Melee: Long sword        |   118 |    91 |   132 |       ||   341
       Headbutt          |    12 |    10 |    40 |    26 ||    88
       Demon blade       |       |       |   219 |   196 ||   415
Evoke: Wand              |       |       |       |     1 ||     1
  Use: Scroll            |       |     7 |     7 |     8 ||    22
       Potion            |       |       |     3 |     4 ||     7
  Eat: Chunk             |       |     4 |    10 |     7 ||    21
       Meat ration       |       |       |     1 |       ||     1
       Beef jerky        |       |       |     1 |       ||     1
       Royal jelly       |       |       |       |     1 ||     1
Armor: Scale mail        |    38 |    31 |    96 |    26 ||   191
       Leather armour    |       |       |       |     5 ||     5
Dodge: Dodged            |    36 |    24 |    84 |    23 ||   167
Block: Shield            |    66 |    42 |   120 |    46 ||   274
